 Dungeon Crawl Stone Soup version 0.32-a0-900-g30fb1b0edc (webtiles) character file.

Game seed: 15241766038426702964

49840 croobank the Summoner (level 14, -8/110 HPs)
             Began as a Human Summoner on Apr 5, 2024.
             Was the Champion of Kikubaaqudgha.
             Mangled by a sixfirhy (10 damage)
             ... summoned by an orc high priest
             ... on level 2 of the Orcish Mines.
             The game lasted 01:28:33 (23161 turns).

croobank the Summoner (Human Summoner)             Turns: 23161, Time: 01:28:33

Health: -8/110     AC: 11    Str: 10    XL:     14   Next: 52%
Magic:  8/28       EV: 15    Int: 20    God:    Kikubaaqudgha [******]
Gold:   1523       SH:  0    Dex: 13    Spells: 5/33 levels left

rFire   + . .        s - +3 scimitar (flame)
rCold   . . .        (no shield)
rNeg    . . .        F - +1 steam dragon scales
rPois   .            o - +1 helmet
rElec   .            S - +0 cloak
rCorr   .            (no gloves)
SInv    .            n - +1 pair of boots
Will    +....        k - amulet of magic regeneration
Stlth   ++++         W - ring of protection from fire
HPRegen 0.38/turn    e - ring of wizardry
MPRegen 0.61/turn

%: wizardry (x1)
@: death channelling
A: explore regen
a: Renounce Religion, Unearth Wretches, Torment, Brand Weapon With Pain, Receive
Forbidden Knowledge


You were on level 2 of the Orcish Mines.
You worshipped Kikubaaqudgha.
Kikubaaqudgha was exalted by your worship.
You visited 4 branches of the dungeon, and saw 21 of its levels.

You collected 2095 gold pieces.
You spent 572 gold pieces at shops.

Inventory:

Hand Weapons
 a - a +1 short sword of venom
 s - a +3 scimitar of flaming (weapon)
Missiles
 u - 2 throwing nets (quivered)
 L - 2 curare-tipped darts
 T - 5 javelins
Armour
 f - a +0 buckler
 n - a +1 pair of boots (worn)
 o - a +1 helmet (worn)
 r - a +2 robe of willpower
 F - +1 steam dragon scales (worn)
 S - a +0 cloak (worn)
Jewellery
 e - a ring of wizardry (right hand)
 g - a ring of fire
 h - a +5 ring of evasion
 i - a ring of poison resistance
 j - the ring "Tumac" {rF- rN+ Will+ Str+5}
   (You found it on level 4 of the Lair of Beasts)

   [ring of positive energy]

   Str+5:     It affects your strength (+5).
   rF-:       It makes you vulnerable to fire.
   rN+:       It protects you from negative energy.
   Will+:     It increases your willpower.
 k - an amulet of magic regeneration (around neck)
 B - a ring of wizardry
 U - a ring of willpower
 W - a ring of protection from fire (left hand)
 X - a +6 ring of dexterity
 Y - a ring of flight
Wands
 x - a wand of paralysis (17)
 A - a wand of roots (5)
 C - a wand of acid (15)
 H - a wand of flame (59)
Scrolls
 d - a scroll of enchant weapon
 l - 3 scrolls of noise
 m - 2 scrolls of torment
 t - 8 scrolls of vulnerability
 v - 3 scrolls of immolation
 y - a scroll of revelation
 G - 3 scrolls of fog
 N - 2 scrolls of teleportation
 O - a scroll of poison
 R - a scroll of silence
 V - a scroll of amnesia
 Z - 3 scrolls of identify
Potions
 b - 4 potions of magic
 p - 2 potions of ambrosia
 q - 2 potions of attraction
 z - 3 potions of resistance
 D - 4 potions of enlightenment
 E - a potion of heal wounds
 I - 4 potions of brilliance
 J - a potion of mutation
 K - 3 potions of curing
 Q - 2 potions of cancellation
Miscellaneous
 P - a lightning rod (4/4)


   Skills:
 - Level 10.0 Fighting
 - Level 10.0 Dodging
 - Level 10.0 Stealth
 + Level 10.2 Spellcasting
 + Level 10.3 Summonings
 * Level 9.8 Necromancy
 - Level 5.0 Fire Magic
 - Level 7.0 Air Magic


You had 5 spell levels left.
You knew the following spells:

 Your Spells              Type           Power      Damage    Failure   Level
a - Summon Small Mammal   Summ           100%       N/A       1%          1
b - Call Imp              Summ           100%       N/A       1%          2
c - Call Canine Familiar  Summ           51%        N/A       1%          3
d - Summon Blazeheart Go  Fire/Summ      40%        N/A       1%          4
e - Summon Lightning Spi  Summ/Air       44%        N/A       1%          4
A - Animate Dead          Necr           49%        N/A       1%          4
D - Death Channel         Necr           24%        N/A       8%          6
N - Anguish               Hex/Necr       14%        N/A       3%          4

Your spell library contained the following spells:

 Spells                   Type           Power      Damage    Failure   Level
 Kiss of Death            Conj/Necr      100%       2d13      1%          1
 Necrotise                Necr           100%       1d9       1%          1
 Mercury Vapours          Alch/Air       48%        N/A       1%          2
 Vampiric Draining        Necr           49%        2d9       1%          3
 Dispel Undead            Necr           49%        3d18      1%          4
 Martyr's Knell           Necr/Summ      50%        N/A       1%          4
 Apportation              Tloc           20%        N/A       2%          1
 Sting                    Conj/Alch      40%        1d5       2%          1
 Mephitic Cloud           Conj/Alch/Air  19%        N/A       3%          3
 Maxwell's Portable Pile  Tloc           10%        2d(6-16)  9%          3
 Sigil of Binding         Hex            10%        N/A       9%          3
 Arcjolt                  Conj/Air       12%        1d22      17%         5
 Cause Fear               Hex            5%         N/A       26%         4
 Dimensional Bullseye     Hex/Tloc       5%         N/A       26%         4
 Freezing Cloud           Conj/Ice/Air   9%         6-21      28%         5
 Enfeeble                 Hex            5%         N/A       100%        7
 Maxwell's Capacitive Co  Air            19%        ∞         100%        8


Dungeon Overview and Level Annotations

Branches:
Dungeon (13/15)            Temple (1/1) D:7            Lair (5/5) D:10
 Shoals (0/4) Lair:3       Spider (0/4) Lair:3        Slime (0/5) Lair:4
    Orc (2/2) D:10            Elf (0/3) Orc:2
 Vaults: D:13-14

Altars:
Ashenzari
Cheibriados
Dithmenos
Elyvilon
Fedhas
Gozag
Hepliaklqana
Kikubaaqudgha
Makhleb
Nemelex Xobeh
Okawaru
Qazlal
Ru
Sif Muna
Trog
Uskayaw
Vehumet
Wu Jian
Xom
Yredelemnul
Zin
The Shining One
Beogh

Shops:
Orc:1 **   Orc:2 !


Innate Abilities, Weirdness & Mutations

You regain HP and MP as you explore.


Message History

Your spectral orc priest is destroyed!
The rust devil hits your spectral orc priest.
The rust devil corrodes your spectral orc priest!
Your spectral orc wizard barely misses the sixfirhy.
Your spectral orc warrior hits the sixfirhy!
The orc high priest hits your spectral orc warrior with a +0 mace.
Your spectral orc warrior is destroyed!
Something hits your spectral orc wizard.
Your spectral orc priest hits the rust devil but does no damage.
You hear a shout!
Casting: Anguish (mildly dangerous; 3% risk of failure)
Confirm with . or Enter, or press ? or * to list all spells.
A fiery spirit appears, bound in slag iron.
The sixfirhy closely misses you.
Your spectral orc wizard completely misses the sixfirhy.
The red devil barely misses your orc priest zombie.
The rust devil hits your spectral orc priest!
Your spectral orc priest is destroyed!
Your spectral orc warrior barely misses the sixfirhy.
The orc high priest hits your orc wizard zombie with a +0 mace!
Something hits your spectral orc wizard but does no damage.
The sixfirhy barely misses you.
Aiming: Paralyse
Press: ? - help, Shift-Dir - straight line, f/p - sixfirhy
Aim: a sixfirhy (lightly wounded, summoned, ally target, chance to affect: 17%)
Okay, then.
Aiming: Corrosive Bolt
Press: ? - help, Shift-Dir - straight line, f/p - sixfirhy
Aim: a sixfirhy (lightly wounded, summoned, ally target, 38% to hit)
The bolt of acid hits the sixfirhy!
The acid corrodes the sixfirhy!
The sixfirhy is heavily wounded.
The sixfirhy hits you!
* * * LOW HITPOINT WARNING * * *
The sixfirhy shocks you!
* * * LOW HITPOINT WARNING * * *
The sixfirhy closely misses you. The sixfirhy hits you.
* * * LOW HITPOINT WARNING * * *
The sixfirhy shocks you!
You die...
Kikubaaqudgha rasps: You have failed me!
Welcome... death!

,,,,*,,,,***,,,*##.o..#........,,
,,,,*,,,.,*,,,,,#....o#.#......,,
,,,,*,,,..,,*,*,......#........,,
,,,,*,,,...####*.ooo..#.#......,,
.,,,**,,.....4.,..o..##.#......,,
...,,**,...4o)Z,...o##..##.#...,,
..#.,,**####ZZZ######...####...,,
....,,,,....Z)93)......###.#...,,
....*,,,.....)Z.@.....###.....#*,
....,*,,##################.#..#*,
....,,,,,* ############...**
...#*,,*** #############.#**
.#**..,* *** ####..** ###..##
##≈..≈# ## #≈≈.≈≈### #### ##.


You could see an orc high priest (drained, ally target), a rust devil
(summoned), a sixfirhy (summoned, corroded, ally target), a red devil
(summoned), a friendly spectral orc warrior, a friendly spectral orc wizard, a
friendly spectral orc sorcerer, a friendly blazeheart golem (summoned), a
friendly orc priest zombie and 2 friendly orc wizard zombies.

Vanquished Creatures
  3 hydras
  Erolcha (D:11)
  A boulder beetle (D:11)
  4 two-headed ogres
  Erica (D:11)
  A catoblepas (Lair:5)
  2 skysharks
  An orc knight (Orc:1)
  2 cyclopes
  2 black mambas
  2 gargoyles
  A torpor snail (Lair:3)
  5 cane toads
  A rime drake (Lair:3)
  An unseen horror (D:12)
  A komodo dragon (Lair:2)
  2 trolls
  2 polar bears (Lair:5)
  3 blink frogs
  2 hornets
  18 yaks
  2 wraiths (D:9)
  A steam dragon (D:7)
  5 wyverns
  2 basilisks
  A warg (Lair:5)
  3 vampire mosquitoes (D:11)
  A cane toad zombie (Lair:2)
  A hell hound (Lair:5)
  5 water moccasins
  2 orc warriors
  5 black bears
  A blink frog zombie (Lair:5)
  3 wolves
  2 centaurs (D:8)
  A komodo dragon zombie (Lair:2)
  3 kobold brigands
  A bullfrog (Lair:2)
  A scorpion (D:7)
  A wyvern zombie (Lair:2)
  3 yak zombies
  13 killer bees
  2 nameless horrors (D:11)
  An electric eel (D:6)
  A gnoll bouda (D:5)
  A hound (D:7)
  3 black bear zombies
  An orc priest (D:10)
  A jelly (D:7)
  4 orc wizards
  An iguana (D:3)
  4 gnolls
  2 white imps (D:7)
  A dart slug (D:1)
  10 orcs
  5 ball pythons
  5 bats
  2 endoplasms
  A giant cockroach (D:4)
  A hobgoblin (D:3)
  A frilled lizard (D:1)
  8 kobolds
  2 rats
170 creatures vanquished.

Vanquished Creatures (collateral kills)
  A hydra (Lair:2)
  A boulder beetle (D:13)
  2 deep elf pyromancers (D:12)
  An obsidian bat (Orc:2)
  Maurice (Orc:2)
  3 elephants (Lair:2)
  A black mamba (Lair:3)
  5 cane toads
  A kobold demonologist (D:7)
  2 komodo dragons
  An unseen horror (D:12)
  Psyche (D:8)
  8 polar bears
  8 blink frogs
  A hornet (D:9)
  4 wyverns
  21 yaks
  3 wargs (Lair:5)
  3 basilisks (Lair:3)
  A vampire mosquito (D:11)
  Menkaure (D:5)
  An acid dragon (D:11)
  4 water moccasins
  4 hell hounds (Lair:5)
  5 orc warriors
  A sky beast (D:7)
  An ice beast (D:7)
  10 black bears
  4 ogres
  9 wolves
  2 centaurs (Lair:3)
  4 bullfrogs
  3 kobold brigands
  A gnoll sergeant (D:3)
  A scorpion (D:5)
  5 killer bees
  A vampire bat (Orc:2)
  6 jellies
  A hound (D:4)
  8 orc priests
  3 iguanas
  11 orc wizards
  A hell rat (D:10)
  6 gnolls
  9 adders
  2 river rats (D:10)
  A white imp (D:6)
  2 ufetubi (D:3)
  2 dart slugs
  2 ribbon worms (D:2)
  33 orcs
  5 ball pythons
  An endoplasm (D:4)
  3 giant cockroaches
  7 goblins
  A hobgoblin (D:2)
  5 jackals (D:2)
  7 kobolds
  3 quokkas
  7 bats
  3 frilled lizards
  4 rats
  A butterfly (Lair:1)
260 creatures vanquished.

Vanquished Creatures (others)
  A hell hog (Lair:5)
  A lindwurm (Lair:5)
  A wolf spider (Lair:5)
  An obsidian bat (Orc:2)
  A wolf spider zombie (Lair:5)
  2 orc sorcerers
  A cane toad (Lair:5)
  A black mamba (Lair:5)
  A polar bear (Lair:5)
  2 raiju (Lair:5)
  A blink frog (Lair:5)
  A black mamba zombie (Lair:5)
  2 yaks (Lair:5)
  6 wargs
  A basilisk (Lair:5)
  2 redbacks (Lair:3)
  3 cane toad zombies
  7 hell hounds (Lair:5)
  An elf zombie (D:12)
  8 orc warriors
  2 black bears (Lair:5)
  A blink frog zombie (Lair:5)
  An ogre (Orc:1)
  A lindwurm zombie (Lair:5)
  6 wolves (Lair:5)
  A centaur (Lair:3)
  3 warg zombies (Lair:5)
  A wyvern zombie (Lair:3)
  6 hell hound zombies (Lair:5)
  3 water moccasin zombies
  A raiju zombie (Lair:5)
  8 yak zombies
  3 polar bear zombies
  10 wolf zombies (Lair:5)
  A bullfrog zombie (Lair:4)
  4 black bear zombies (Lair:5)
  5 orc priests
  4 orc wizards
  4 orcs
  A kobold (D:7)
  22 orc zombies
  79 blazeheart cores
211 creatures vanquished.

Grand Total: 641 creatures vanquished

Notes
Turn   | Place    | Note
-------+----------+-------------------------------------------
     0 | D:1      | croobank the Human Summoner began the quest for the Orb.
     0 | D:1      | Reached XP level 1. HP: 13/13 MP: 3/3
   216 | D:1      | Reached XP level 2. HP: 18/19 MP: 1/5
   489 | D:1      | Learned a level 2 spell: Call Imp
   879 | D:1      | Reached XP level 3. HP: 8/24 MP: 0/6
   883 | D:1      | Learned a level 3 spell: Call Canine Familiar
  1546 | D:2      | Reached XP level 4. HP: 31/31 MP: 4/7
  1725 | D:2      | Reached skill level 1 in Fighting
  2000 | D:2      | Found an opulent altar of Gozag.
  2200 | D:2      | Reached XP level 5. HP: 37/37 MP: 7/9
  2506 | D:3      | Found a hide-covered altar of Uskayaw.
  2632 | D:3      | Found a bloodstained altar of Trog.
  2951 | D:3      | Found a faded altar of an unknown god.
  3356 | D:3      | Reached XP level 6. HP: 37/44 MP: 8/10
  4000 | D:4      | Reached skill level 5 in Summonings
  4180 | D:4      | Reached XP level 7. HP: 51/51 MP: 8/12
  4415 | D:5      | Entered Level 5 of the Dungeon
  4532 | D:5      | Noticed Menkaure
  4545 | D:5      | Killed Menkaure
  4980 | D:5      | Learned a level 4 spell: Summon Blazeheart Golem
  5340 | D:5      | Reached skill level 1 in Fire Magic
  5603 | D:6      | Found a broken altar of Ashenzari.
  5606 | D:6      | Found an ornate altar of the Wu Jian Council.
  5706 | D:6      | Reached XP level 8. HP: 58/58 MP: 9/14
  5936 | D:6      | Found a glowing silver altar of Zin.
  6897 | D:7      | Reached skill level 5 in Stealth
  7336 | D:7      | Found an iron altar of Okawaru.
  7529 | D:7      | Noticed a wyvern
  7534 | D:7      | Killed a wyvern
  7535 | D:7      | Reached skill level 5 in Dodging
  7535 | D:7      | Reached XP level 9. HP: 65/65 MP: 12/15
  7898 | D:7      | Found a staircase to the Ecumenical Temple.
  7907 | Temple   | Entered the Ecumenical Temple
  7914 | Temple   | Became a worshipper of Kikubaaqudgha
  7971 | D:8      | Noticed a kobold demonologist
  7974 | D:8      | Noticed an orange demon
  7976 | D:8      | Noticed a rust devil
  8206 | D:8      | Noticed an orange demon
  8214 | D:7      | Killed a kobold demonologist
  8876 | D:8      | Found a burning altar of Makhleb.
  8883 | D:8      | Reached skill level 5 in Spellcasting
  8921 | D:8      | Reached skill level 5 in Fire Magic
  9129 | D:8      | Learned a level 4 spell: Summon Lightning Spire
  9206 | D:8      | Noticed Psyche
  9214 | D:8      | Killed Psyche
  9215 | D:8      | Reached skill level 5 in Fighting
  9215 | D:8      | Reached skill level 1 in Air Magic
  9802 | D:9      | Noticed a two-headed ogre
  9811 | D:9      | Killed a two-headed ogre
  9812 | D:9      | Reached XP level 10. HP: 74/74 MP: 16/18
 10460 | D:9      | Found an opulent altar of Gozag.
 10671 | D:9      | Found a sparkling altar of Nemelex Xobeh.
 10736 | D:9      | Noticed a two-headed ogre
 10741 | D:9      | Killed a two-headed ogre
 10852 | D:10     | Entered Level 10 of the Dungeon
 10928 | D:10     | Noticed a gargoyle
 10937 | D:10     | Killed a gargoyle
 10937 | D:10     | Reached * piety under Kikubaaqudgha
 10937 | D:10     | Received a gift from Kikubaaqudgha
 10945 | D:10     | Learned a level 4 spell: Animate Dead
 11052 | D:10     | Reached skill level 5 in Air Magic
 11206 | D:10     | Found a blossoming altar of Fedhas.
 11246 | D:10     | Found a staircase to the Lair.
 11440 | D:10     | Found a staircase to the Orcish Mines.
 11465 | D:10     | Reached skill level 1 in Necromancy
 11495 | D:10     | Reached XP level 11. HP: 82/82 MP: 20/20
 12248 | D:11     | Noticed Erica
 12263 | D:11     | Killed Erica
 12906 | D:11     | Reached ** piety under Kikubaaqudgha
 13099 | D:11     | Noticed a boulder beetle
 13116 | D:11     | Killed a boulder beetle
 13154 | D:11     | Noticed Erolcha
 13162 | D:11     | Killed Erolcha
 13235 | D:11     | Noticed a cyclops
 13235 | D:11     | Noticed a two-headed ogre
 13317 | D:11     | Killed a two-headed ogre
 13828 | D:11     | Killed a cyclops
 14052 | D:12     | Noticed a deep elf pyromancer
 14066 | D:12     | Killed a deep elf pyromancer
 14252 | D:12     | Noticed a deep elf pyromancer
 14277 | D:12     | Killed a deep elf pyromancer
 14455 | D:12     | Reached XP level 12. HP: 73/91 MP: 22/22
 14876 | D:12     | Noticed a two-headed ogre
 14883 | D:12     | Killed a two-headed ogre
 15540 | Lair:1   | Entered Level 1 of the Lair of Beasts
 15589 | Lair:1   | Upgraded the game from 0.32-a0-898-g7811c86cf0 to
                  | 0.32-a0-900-g30fb1b0edc
 16739 | Lair:2   | Reached *** piety under Kikubaaqudgha
 16739 | Lair:2   | Received a gift from Kikubaaqudgha
 16745 | Lair:2   | Learned a level 4 spell: Anguish
 16830 | Lair:2   | Found the +6 shillelagh "Devastator" {shatter}
 16851 | Lair:2   | Noticed a five-headed hydra
 16858 | Lair:2   | Killed a five-headed hydra
 16859 | Lair:2   | Reached skill level 5 in Necromancy
 17044 | Lair:2   | Noticed a skyshark
 17052 | Lair:2   | Killed a skyshark
 17295 | Lair:3   | Found a runed translucent door.
 17314 | Lair:3   | Reached XP level 13. HP: 99/99 MP: 22/25
 17374 | Lair:3   | Found a staircase to the Shoals.
 17875 | Lair:3   | Found a hole to the Spider Nest.
 18364 | Lair:4   | Reached **** piety under Kikubaaqudgha
 18365 | Lair:4   | Reached skill level 10 in Stealth
 18731 | Lair:4   | Found a staircase to the Slime Pits.
 18792 | Lair:4   | Identified the ring "Tumac" {rF- rN+ Will+ Str+5}
 19166 | Lair:5   | Entered Level 5 of the Lair of Beasts
 19178 | Lair:5   | Reached skill level 10 in Summonings
 19532 | Lair:5   | Reached skill level 10 in Dodging
 19745 | Lair:5   | Reached ***** piety under Kikubaaqudgha
 19815 | Lair:5   | Reached XP level 14. HP: 104/109 MP: 7/27
 19844 | Lair:5   | Reached skill level 10 in Fighting
 20291 | Lair:5   | Reached skill level 10 in Spellcasting
 21398 | Lair:5   | Learned a level 6 spell: Death Channel
 21950 | Orc:1    | Entered Level 1 of the Orcish Mines
 21952 | Orc:1    | Found Bukhlyosew's General Store.
 21954 | Orc:1    | Found Nixoc's Specific Store.
 22129 | Orc:1    | Bought a potion of brilliance for 40 gold pieces
 22129 | Orc:1    | Bought a wand of acid (5) for 210 gold pieces
 22486 | Orc:1    | Found a roughly hewn altar of Beogh.
 22646 | Orc:2    | Entered Level 2 of the Orcish Mines
 22971 | Orc:2    | Found Nuwuxt's Distillery.
 22999 | Orc:2    | Bought a potion of heal wounds for 70 gold pieces
 22999 | Orc:2    | Bought a potion of magic for 112 gold pieces
 22999 | Orc:2    | Bought a potion of haste for 140 gold pieces
 23001 | Orc:2    | Noticed Maurice
 23019 | Orc:2    | Killed Maurice
 23052 | Orc:2    | Found a staircase to the Elven Halls.
 23073 | Orc:2    | Reached ****** piety under Kikubaaqudgha
 23080 | Orc:2    | Paralysed by an orc sorcerer for 2 turns
 23161 | Orc:2    | HP: 2/110 [sixfirhy[an orc high priest] (4)]
 23161 | Orc:2    | Mangled by a sixfirhy

Illustrated notes

Levels and vault maps discovered:
D:1:      denvon_arrival_waterhouse, layout_basic
D:2:      minmay_chambers_of_twos, layout_basic, basic_altar, serial_rivers,
          chequers_serial_rivers_micro_b, chequers_serial_rivers_micro_e,
          chequers_serial_rivers_marsh, chequers_serial_rivers_small_a,
          chequers_serial_rivers_small_3, chequers_serial_rivers_micro_a
D:3:      layout_loops_ring, nicolae_uskayaw_dance_hall,
          mainiacjoe_overflow_chevrons, hellmonk_ecumenical_altar_blasted,
          minmay_misc_feat_rows
D:4:      layout_cave_pools, nrook_loot_triangle, small_statue_intersection
D:5:      layout_gridville, serial_park_tiny_pond, uniq_menkaure
D:6:      layout_layer_cave, nicolae_overflow_squiral,
          mainiacjoe_overflow_small_starburst
D:7:      layout_basic, kennysheep_mini, minmay_temple_entry_poolview,
          nicolae_underground_beach
D:8:      nicolae_cairo_tiling_large_dashed, layout_loops_ring,
          general_overflow_altar, uniq_psyche
D:9:      layout_basic, nemelex_diamond_rough_becter, grunt_gozag_statues,
          minmay_misc_feat_chi, minmay_misc_feat_room,
          minmay_fractal_squares_gapless_5
D:10:     layout_loops_cross, fedhas_altar_3, dpeg_lair_monsters, david_orc_2,
          roderic_serpentine_path, minivault_24
D:11:     layout_roguey, serial_corexii_hall, chequers_hall_statues_wall_a,
          chequers_hall_statues_y, uniq_erolcha, uniq_erica
D:12:     layout_loops_corners
D:13:     layout_cave_pools
Temple:   nicolae_temple_x_marks_the_god
Lair:1:   layout_loops_ring, chequers_serial_rivers_small_3, lemuel_fruit_fields
Lair:2:   layout_big_grid, st_stairs_10
Lair:3:   layout_layer_cave, minmay_shoals_entry_centaurs,
          spider_nest_entry_rubble, pf_torpor_hydra, lemuel_fruit_fields
Lair:4:   layout_cave_pods, nicolae_slime_entry_field_trip,
          nicolae_quartered_pool_super, lemuel_fruit_tree
Lair:5:   hangedman_lair_caniforms_friends, layout_misc_corridors,
          infiniplex_staircase_pool
Orc:1:    nicolae_orc_accident_2, layout_caves, nicolae_specific_store
Orc:2:    st_orc_mages, layout_diamond_mine, serial_shops, shop,
          nicolae_orc_bridge_out, roderic_batcave, uniq_maurice

Skill      XL: |  1  2  3  4  5  6  7  8  9 10 11 12 13 14 |
---------------+-------------------------------------------+-----
Fighting       | 1 2 3 4 5 6 7 8 9 10 | 10.0
Stealth        | 3 4 5 6 7 8 9 10 | 10.0
Dodging        | 3 4 5 6 7 8 10 | 10.0
Spellcasting   | 3 4 5 6 7 8 9 10 | 10.2
Summonings     | 5 6 7 8 9 10 | 10.3
Fire Magic     | 1 3 5 |  5.0
Air Magic      | 2 5 7 |  7.0
Necromancy     | 1 3 5 7 9 |  9.8

Action                     |  1- 3 |  4- 6 |  7- 9 | 10-12 | 13-15 || total
---------------------------+-------+-------+-------+-------+-------++-------
  Melee: Short sword       |    35 |    68 |    69 |   105 |   114 ||   391
         Dagger            |     6 |       |       |       |       ||     6
         Unarmed           |     1 |       |       |       |       ||     1
         Scimitar          |       |       |       |       |    38 ||    38
  Throw: Throwing net      |       |       |       |       |     1 ||     1
   Cast: Summon Small Mamm |    38 |    45 |    16 |    10 |     9 ||   118
         Call Imp          |     9 |    22 |    12 |    10 |     6 ||    59
         Call Canine Famil |     2 |    17 |    10 |    12 |    11 ||    52
         Summon Blazeheart |       |       |    20 |    63 |    38 ||   121
         Summon Lightning  |       |       |       |    12 |    27 ||    39
         Animate Dead      |       |       |       |     5 |    22 ||    27
         Anguish           |       |       |       |     1 |    92 ||    93
         Death Channel     |       |       |       |       |     7 ||     7
  Evoke: Wand              |       |       |     3 |       |    10 ||    13
    Use: Scroll            |       |     3 |    14 |     7 |     8 ||    32
         Potion            |       |       |       |     1 |     7 ||     8
   Stab: Sleeping          |       |     4 |     6 |     7 |     2 ||    19
         Paralysed         |       |       |     1 |       |       ||     1
         Distracted        |       |       |       |       |     2 ||     2
 Armour: Robe              |    27 |    46 |    31 |       |       ||   104
         Steam dragon scal |       |       |    34 |    78 |   266 ||   378
  Dodge: Dodged            |    37 |   115 |    99 |   157 |   344 ||   752

Table legend: (Time is in decaauts)
 A = Elapsed time spent in this place.
 B = Non-inter-level travel time spent in this place.
 C = Inter-level travel time spent in this place.
 D = Time resting spent in this place.
 E = Time spent auto-exploring this place.
 F = Levels seen in this place.
 G = Mean time per level.
                   A        B        C        D        E       F      G
               +--------+--------+--------+--------+--------+-----+--------+
         Total |  23185 |  22365 |    820 |   6521 |  11061 |  21 | 1104.0 |
       Dungeon |  15957 |  15427 |    530 |   5300 |   7357 |  13 | 1227.5 |
        Temple |     14 |      7 |      7 |      0 |      0 |   1 |   14.0 |
          Lair |   6006 |   5789 |    217 |   1221 |   3049 |   5 | 1201.2 |
  Orcish Mines |   1206 |   1141 |     65 |      0 |    655 |   2 |  603.0 |
               +--------+--------+--------+--------+--------+-----+--------+

Top non-repeatable levels by time:
  Lair:5: 2245 daAuts
     D:7: 1868 daAuts
    D:11: 1851 daAuts
    D:12: 1523 daAuts
    D:10: 1465 daAuts
     D:3: 1452 daAuts
     D:6: 1404 daAuts
     D:1: 1257 daAuts
     D:2: 1108 daAuts
     D:8: 1091 daAuts
  Lair:1: 1063 daAuts
     D:9: 1061 daAuts
     D:5: 999 daAuts
  Lair:4: 970 daAuts
  Lair:3: 958 daAuts
